 Dungeon Crawl Stone Soup version 0.30-a0-335-ge5acde7520 (webtiles) character file.

Game seed: 4629289081995871187

112 twist the Vexing (level 4, -1/34 HPs)
             Began as a Gnoll Hexslinger on Oct 30, 2022.
             Was an Initiate of Hepliaklqana.
             Succumbed to a gnoll's poison
             ... on level 3 of the Dungeon.
             The game lasted 00:02:26 (1705 turns).

twist the Vexing (Gnoll Hexslinger)                 Turns: 1705, Time: 00:02:27

Health: -1/34      AC:  5    Str:  9    XL:     4   Next: 95%
Magic:  8/8        EV: 13    Int: 14    God:    Hepliaklqana [......]
Gold:   67         SH:  0    Dex: 13    Spells: 8/9 levels left

rFire   . . .      SeeInvis .    a - +1 sling
rCold   . . .      Faith    .    (no shield)
rNeg    . . .      Spirit   .    c - +0 robe
rPois   .          Reflect  .    (no helmet)
rElec   .          Harm     .    m - +1 cloak {Stlth+}
rCorr   .          Rampage  .    (no gloves)
Will    .....                    k - +0 pair of boots
Stlth   +++.......               (no amulet)
HPRegen 0.25/turn                (no ring)
MPRegen 0.11/turn                (no ring)

@: lethally poisoned (-1 -> -19)
A: fangs 1, strong nose, distributed training
a: Renounce Religion


You were on level 3 of the Dungeon.
You worshipped Hepliaklqana.
Hepliaklqana was noncommittal.
You visited 1 branch of the dungeon, and saw 3 of its levels.

You collected 67 gold pieces.

Inventory:

Hand Weapons
 a - a +1 sling (weapon)
 i - a +0 mace
 l - a +2 dagger of draining
Armour
 c - a +0 robe (worn)
 k - a +0 pair of boots (worn)
 m - a +1 cloak of stealth (worn)
Jewellery
 o - a ring of ice
Scrolls
 b - a scroll of poison
 e - 4 scrolls of identify {unknown}
 f - 2 scrolls of enchant armour {unknown}
 g - 3 scrolls of teleportation {unknown}
 h - a scroll of enchant weapon {unknown}
 n - 2 scrolls of amnesia {unknown}
 p - a scroll of fear {unknown}
Potions
 d - a potion of curing {unknown}
 j - a potion of berserk rage {unknown}


   Skills:
 + Level 2.9 Fighting
 + Level 1.3 Short Blades
 + Level 1.3 Long Blades
 + Level 1.3 Axes
 + Level 1.3 Maces & Flails
 + Level 1.3 Polearms
 + Level 1.3 Staves
 + Level 4.7 Ranged Weapons
 + Level 1.3 Throwing
 + Level 1.3 Armour
 + Level 4.7 Dodging
 + Level 1.3 Stealth
 + Level 1.3 Shields
 + Level 1.3 Unarmed Combat
 + Level 3.1 Spellcasting
 + Level 1.1 Conjurations
 + Level 5.5 Hexes
 + Level 1.1 Summonings
 + Level 1.1 Necromancy
 + Level 1.1 Translocations
 + Level 1.1 Transmutations
 + Level 1.1 Fire Magic
 + Level 1.1 Ice Magic
 + Level 1.1 Air Magic
 + Level 1.1 Earth Magic
 + Level 1.1 Poison Magic
 + Level 1.5 Invocations
 + Level 1.3 Evocations


You had 8 spell levels left.
You knew the following spells:

 Your Spells              Type           Power      Damage    Failure   Level
a - Slow                  Hex            68%        N/A       2%          1

Your spell library contained the following spells:

 Spells                   Type           Power      Damage    Failure   Level
 Ensorcelled Hibernation  Hex/Ice        22%        N/A       9%          2
 Inner Flame              Hex/Fire       11%        N/A       16%         3
 Portal Projectile        Hex/Tloc       22%        N/A       16%         3
 Passwall                 Tmut/Erth      4%         N/A       21%         2
 Cause Fear               Hex            8%         N/A       22%         4
 Swiftness                Air            5%         N/A       38%         3


Dungeon Overview and Level Annotations

Branches:
Dungeon (3/15)

Altars:
Hepliaklqana


Innate Abilities, Weirdness & Mutations

You have very sharp teeth.
Your uncanny sense of smell can sniff out nearby items.
Your experience applies equally to all skills.


Message History

A gnoll comes into view. It is wielding a +1 whip of venom.
You shoot a sling bullet.
The sling bullet closely misses the gnoll.
The sling bullet hits the gnoll.
The gnoll is heavily wounded.
The gnoll closely misses you.
You shoot a sling bullet. The sling bullet hits the gnoll.
The gnoll is severely wounded.
The gnoll barely misses you.
You shoot a sling bullet. The sling bullet hits the gnoll.
You kill the gnoll!
Your life force feels restored.
You shoot a sling bullet.
The sling bullet barely misses the gnoll.
The gnoll hits you with a +1 whip of venom.
* * * LOW HITPOINT WARNING * * *
You are poisoned.
The gnoll closely misses you.
You shoot a sling bullet.
The sling bullet barely misses the gnoll.
You feel sick. The gnoll barely misses you. The gnoll closely misses you.
The gnoll attacks as you move away!
The gnoll hits you with a +1 flail of venom!
* * * LOW HITPOINT WARNING * * *
You are lethally poisoned!
* * * LOW HITPOINT WARNING * * *
You feel very sick.
* * * LOW HITPOINT WARNING * * *
You feel sick.
Unknown command.
* * * LOW HITPOINT WARNING * * *
You feel very sick. The gnoll attacks as you move away!
The gnoll completely misses you.
* * * LOW HITPOINT WARNING * * *
You feel sick. The gnoll attacks as you move away!
The gnoll hits you with a +1 whip of venom.
* * * LOW HITPOINT WARNING * * *
You are more poisoned.
You die...

,,,,,,,,,,* *,*,* #.# ,******,***
*,#.# #.# ,* *,******,#.#####.#
,* *,...∆,..#.#...#.########## ,*
*****...,,..#.#.#.#........... ,*
*,,,*,...,..#.#.#.#.#########. ,*
*,,,#,,#..#.#.#.#.#........... ,*
*,,,#.,#..#.#.#.#.###########. ,*
*,,,#..#....#@#.#.# #####.
,***,,,#..#.##.#.#.#.#######.....
,,,,,,,+..)..g.g.#.#......##.....
,,**,,,#..#.##.###.#..#.#.##.....
,,*,,,,#......g# #.........#.....
,,*,,,,#.##.#..# #......>.†).....
,,,,,,,,,*#.#..# #.#....#..#)....
,,*,******#.#..###.#...(...#.....
,,*,* #................######


You could see 2 gnolls.

Vanquished Creatures
  A gnoll (D:3)
  4 adders
  2 worms
  A dart slug (D:1)
  7 orcs (D:3)
  5 bats
  2 endoplasms
  7 giant cockroaches
  3 goblins
  5 hobgoblins
  3 quokkas (D:2)
  3 ball pythons
  3 frilled lizards
  A kobold (D:1)
  4 rats
51 creatures vanquished.

Notes
Turn   | Place    | Note
-------+----------+-------------------------------------------
     0 | D:1      | twist the Gnoll Hexslinger began the quest for the Orb.
     0 | D:1      | Reached XP level 1. HP: 17/17 MP: 4/4
    90 | D:1      | Reached XP level 2. HP: 23/23 MP: 5/5
   428 | D:1      | Found a faded altar of an unknown god.
   695 | D:2      | Reached XP level 3. HP: 28/28 MP: 7/7
   712 | D:2      | Reached skill level 1 in Invocations
  1000 | D:2      | Found a hazy altar of Hepliaklqana.
  1053 | D:2      | Reached skill level 1 in Short Blades
  1053 | D:2      | Reached skill level 1 in Long Blades
  1053 | D:2      | Reached skill level 1 in Axes
  1053 | D:2      | Reached skill level 1 in Maces & Flails
  1053 | D:2      | Reached skill level 1 in Polearms
  1053 | D:2      | Reached skill level 1 in Staves
  1053 | D:2      | Reached skill level 1 in Throwing
  1053 | D:2      | Reached skill level 1 in Armour
  1053 | D:2      | Reached skill level 1 in Stealth
  1053 | D:2      | Reached skill level 1 in Shields
  1053 | D:2      | Reached skill level 1 in Unarmed Combat
  1053 | D:2      | Reached skill level 1 in Evocations
  1091 | D:2      | Became a worshipper of Hepliaklqana the Forgotten
  1278 | D:2      | Reached XP level 4. HP: 34/34 MP: 8/8
  1531 | D:3      | Reached skill level 1 in Conjurations
  1531 | D:3      | Reached skill level 1 in Summonings
  1531 | D:3      | Reached skill level 1 in Necromancy
  1531 | D:3      | Reached skill level 1 in Translocations
  1531 | D:3      | Reached skill level 1 in Transmutations
  1531 | D:3      | Reached skill level 1 in Fire Magic
  1531 | D:3      | Reached skill level 1 in Ice Magic
  1531 | D:3      | Reached skill level 1 in Air Magic
  1531 | D:3      | Reached skill level 1 in Earth Magic
  1531 | D:3      | Reached skill level 1 in Poison Magic
  1705 | D:3      | Succumbed to a gnoll's poison

Illustrated notes

Levels and vault maps discovered:
D:1:      minmay_arrival_semitransparent, layout_loops_cross,
          shapermc_ecumenical_altar_ellora, minmay_misc_feat_alley,
          amcnicky_mini_corridor_feature
D:2:      layout_loops_ring, basic_altar
D:3:      layout_basic, mainiacjoe_overflow_swirl, minmay_quantized

Skill      XL: |  1  2  3  4 |
---------------+-------------+-----
Invocations    | 1 |  1.5
Short Blades   | 1 |  1.3
Long Blades    | 1 |  1.3
Axes           | 1 |  1.3
Maces & Flails | 1 |  1.3
Polearms       | 1 |  1.3
Staves         | 1 |  1.3
Throwing       | 1 |  1.3
Armour         | 1 |  1.3
Stealth        | 1 |  1.3
Shields        | 1 |  1.3
Unarmed Combat | 1 |  1.3
Evocations     | 1 |  1.3
Spellcasting   | 3 |  3.1
Conjurations   | 1 |  1.1
Summonings     | 1 |  1.1
Necromancy     | 1 |  1.1
Translocations | 1 |  1.1
Transmutations | 1 |  1.1
Fire Magic     | 1 |  1.1
Ice Magic      | 1 |  1.1
Air Magic      | 1 |  1.1
Earth Magic    | 1 |  1.1
Poison Magic   | 1 |  1.1
Fighting       | |  2.9
Ranged Weapons | |  4.7
Dodging        | |  4.7
Hexes          | |  5.5

Action                   |  1- 3 |  4- 6 || total
-------------------------+-------+-------++-------
Melee: Mace              |    15 |       ||    15
       Bite              |     2 |     3 ||     5
       Punch             |     1 |       ||     1
       Dagger            |       |    20 ||    20
 Fire: Sling             |   137 |    65 ||   202
 Cast: Slow              |       |     1 ||     1
  Use: Scroll            |       |     1 ||     1
Armor: Robe              |    19 |    16 ||    35
Dodge: Dodged            |    72 |    32 ||   104

Table legend: (Time is in decaauts)
 A = Elapsed time spent in this place.
 B = Non-inter-level travel time spent in this place.
 C = Inter-level travel time spent in this place.
 D = Time resting spent in this place.
 E = Time spent auto-exploring this place.
 F = Levels seen in this place.
 G = Mean time per level.
                   A        B        C        D        E       F      G
               +--------+--------+--------+--------+--------+-----+--------+
         Total |   1738 |   1605 |    133 |      0 |   1189 |   3 |  579.3 |
       Dungeon |   1738 |   1605 |    133 |      0 |   1189 |   3 |  579.3 |
               +--------+--------+--------+--------+--------+-----+--------+

Top non-repeatable levels by time:
     D:2: 804 daAuts
     D:1: 685 daAuts
     D:3: 249 daAuts
